 Dungeon Crawl Stone Soup version 0.28-a0-1387-g3a22ab9bdc (webtiles) character file.

Game seed: 9161538486111986917

6 Gwenloh the Insei (level 1, -5/13 HPs)
             Began as an Octopode Transmuter on Jan 2, 2022.
             Slain by a kobold (6 damage)
             ... on level 1 of the Dungeon.
             The game lasted 00:01:33 (391 turns).

Gwenloh the Insei (Octopode Transmuter)              Turns: 391, Time: 00:01:33

Health: -5/13      AC:  1    Str:  9    XL:     1   Next: 90%
Magic:  3/3        EV: 13    Int: 15    God:
Gold:   42         SH:  0    Dex: 12    Spells: 3/4 levels left

rFire   . . .      SeeInvis .     - Unarmed
rCold   . . .      Faith    .   (no shield)
rNeg    . . .      Spirit   .   (helmet currently unavailable)
rPois   .          Reflect  .   (no amulet)
rElec   .          Harm     .   (no ring)
rCorr   .          Rampage  .   (no ring)
Will    .....                   (no ring)
Stlth   ++........              (no ring)
HPRegen 0.04/turn               (no ring)
MPRegen 0.08/turn               (no ring)
                                (no ring)
                                (no ring)

@: appendages (expiring)
A: tentacle spike 3, almost no armour, amphibious, 8 rings, camouflage 1,
gelatinous body 1, (nimble swimmer 1), tentacles
a: End Transformation


You were on level 1 of the Dungeon.
One of your tentacles had grown a beastly spike.
You visited 1 branch of the dungeon, and saw 1 of its levels.

You collected 42 gold pieces.

Inventory:

Scrolls
 b - a scroll of teleportation {unknown}
 c - a scroll of identify {unknown}
 d - a scroll of magic mapping {unknown}
Potions
 a - a potion of magic {unknown}


   Skills:
 + Level 1.1 Fighting
 + Level 2.1 Dodging
 + Level 0.7 Stealth
 + Level 3.0 Unarmed Combat
 - Level 2.0 Spellcasting
 + Level 2.1 Transmutations


You had 3 spell levels left.
You knew the following spells:

 Your Spells              Type           Power      Damage    Failure   Level
a - Beastly Appendage     Tmut           14%        N/A       10%         1

Your spell library contained the following spells:

 Spells                   Type           Power      Damage    Failure   Level
 Wereblood                Tmut           7%         N/A       14%         2
 Spider Form              Tmut/Pois      4%         N/A       41%         3
 Ice Form                 Ice/Tmut       4%         N/A       82%         4


Dungeon Overview and Level Annotations

Branches:
Dungeon (1/15)

Altars:


Innate Abilities, Weirdness & Mutations

One of your tentacles has grown a beastly spike.
You cannot wear most types of armour.
You are amphibious.
You can wear up to eight rings at the same time.
Your skin changes colour to match your surroundings (Stealth+).
Your rubbery body absorbs attacks. (AC +1, EV +1)
((You are camouflaged when in or above water. (Stealth+)))
You have tentacles for arms and can constrict up to eight enemies at once.


Message History

You tentacle-slap the hobgoblin, but do no damage.
You constrict the hobgoblin, but do no damage.
The hobgoblin hits you.
You tentacle-slap the hobgoblin.
You pierce the hobgoblin, but do no damage.
The hobgoblin is moderately wounded.
Your transformation is almost over.
You constrict the hobgoblin. The hobgoblin closely misses you.
You tentacle-slap the hobgoblin.
The hobgoblin is almost dead.
You constrict the hobgoblin, but do no damage.
The hobgoblin barely misses you.
You tentacle-slap the hobgoblin.
You kill the hobgoblin!
You tentacle-slap the kobold. Your grab misses the kobold.
The kobold is moderately wounded.
You closely miss the kobold. Your grab misses the kobold.
The kobold is moderately wounded.
The kobold completely misses you.
You miss the kobold. Your grab misses the kobold.
You pierce the kobold, but do no damage.
The kobold is moderately wounded.
The kobold misses you.
You miss the kobold. You grab the kobold.
You pierce the kobold, but do no damage.
The kobold is moderately wounded.
You constrict the kobold, but do no damage.
The kobold hits you with a +0 short sword.
* * * LOW HITPOINT WARNING * * *
You tentacle-slap the kobold but do no damage.
You squeeze the kobold, but do no damage.
The kobold is moderately wounded.
You constrict the kobold.
The kobold hits you with a +0 short sword.
* * * LOW HITPOINT WARNING * * *
You tentacle-slap the kobold but do no damage.
The kobold is heavily wounded.
You constrict the kobold.
The kobold hits you with a +0 short sword.
You die...

# .#.## . .#..# .####
##.... ..... ..... ....
##### ...# ..... ...# ...#
#...# ###.##K..# .....
#....@...+ #.###
#.#.##...# ..#....
#.#.#........ ...#####
#.#'#....######.#.....
#.......... ...#..... #
#....####### #..#.....
###.##...##....# #..#.....
#...##...##....###..+.....
#................#.....


You could see a kobold.

Vanquished Creatures
  2 hobgoblins (D:1)
  A frilled lizard (D:1)
  A goblin (D:1)
  3 rats (D:1)
7 creatures vanquished.

Vanquished Creatures (others)
  A plant (D:1)
1 creature vanquished.

Grand Total: 8 creatures vanquished

Notes
Turn   | Place    | Note
-------+----------+-------------------------------------------
     0 | D:1      | Gwenloh the Octopode Transmuter began the quest for the
                  | Orb.
     0 | D:1      | Reached XP level 1. HP: 13/13 MP: 3/3
   232 | D:1      | Found a faded altar of an unknown god.
   391 | D:1      | Slain by a kobold

Illustrated notes

Levels and vault maps discovered:
D:1:      psy_arrival_radial02, layout_basic, shapermc_ecumenical_altar_ellora

Action                   || total
-------------------------++-------
Melee: Unarmed           ||    23
       Kick              ||     6
       Constrict         ||     5
       Tentacles         ||     2
       Punch             ||     1
 Cast: Beastly Appendage ||     5
Dodge: Dodged            ||     7

Table legend: (Time is in decaauts)
 A = Elapsed time spent in this place.
 B = Non-inter-level travel time spent in this place.
 C = Inter-level travel time spent in this place.
 D = Time resting spent in this place.
 E = Time spent auto-exploring this place.
 F = Levels seen in this place.
 G = Mean time per level.
                   A        B        C        D        E       F      G
               +--------+--------+--------+--------+--------+-----+--------+
         Total |    389 |    389 |      0 |     34 |    264 |   1 |  389.0 |
       Dungeon |    389 |    389 |      0 |     34 |    264 |   1 |  389.0 |
               +--------+--------+--------+--------+--------+-----+--------+

Top non-repeatable levels by time:
     D:1: 389 daAuts
